 Dungeon Crawl Stone Soup version 0.24-a0-201-gf205589 (webtiles) character file.

Game seed: 14223086995922315637

15932 Borgoz the Slicer (level 12, 0/108 HPs)
             Began as a Kobold Gladiator on Mar 24, 2019.
             Was a Follower of Ashenzari.
             Succumbed to a spiny frog's poison
             ... on level 2 of the Lair of Beasts.
             The game lasted 00:38:55 (17005 turns).

Borgoz the Slicer (Kobold Gladiator)               Turns: 17005, Time: 00:38:56

Health: 0/108      AC: 26    Str: 18    XL:     12   Next: 63%
Magic:  20/20      EV:  3    Int: 18    God:    Ashenzari [*.....]
Gold:   720        SH:  0    Dex: 23    Spells: 21/21 levels left

rFire    . . .     SeeInvis .   a - +8 dagger "Neomuff" {venom, rPois Dex+2}
rCold    x . .     Gourm    .   (shield restricted)
rNeg     + + +     Faith    .   (armour currently unavailable)
rPois    +         Spirit   .   (helmet currently unavailable)
rElec    +         Reflect  .   (cloak currently unavailable)
rCorr    .         Harm     .   (gloves currently unavailable)
MR       .....     NoTele   +   (boots currently unavailable)
Stlth    +++++++...             (no amulet)
HPRegen  0.28/turn              i - ring "Hoank" {+Fly Str+3 Dex+5} (curse)
MPRegen  0.17/turn              R - ring of Freedom {rElec rC- Int+7 Stlth+} (curse)

@: lethally poisoned (0 -> -8), tree-form
A: small, carnivore
a: Curse Item, Scrying, Renounce Religion


You were on level 2 of the Lair of Beasts.
You worshipped Ashenzari.
Ashenzari was aware of your devotion.
You were completely stuffed.
You were a tree.
You visited 3 branches of the dungeon, and saw 13 of its levels.
You visited the Abyss 1 time.
You also visited: Ossuary.

You collected 720 gold pieces.

Inventory:

Hand Weapons
 a - the +8 dagger "Neomuff" (weapon) {venom, rPois Dex+2}
   (You took it off a kobold on level 3 of the Dungeon)

   It poisons the flesh of those it strikes.
   It affects your dexterity (+2).
   It protects you from poison.
 p - a +1 rapier of draining
Missiles
 d - 4 throwing nets (quivered)
 l - 27 bolts
 O - 5 tomahawks
Armour
 j - the +3 robe of Clouds (melded) {+Thunder rCloud rElec}
   (You found it on level 4 of the Dungeon)

   It insulates you from electricity.
 r - a +1 helmet (melded)
 x - a +0 pair of boots (melded)
Jewellery
 b - an uncursed ring of protection from cold
 c - a +3 ring of evasion
 e - an uncursed ring of protection from magic
 i - the cursed ring "Hoank" (left branch) {+Fly Str+3 Dex+5}
   (You acquired it on level 2 of the Lair of Beasts)

   [ring of flight]

   It affects your strength (+3).
   It affects your dexterity (+5).
   It lets you fly.
   It has a curse placed upon it.
 s - an uncursed ring of resist corrosion
 t - an uncursed ring of protection from cold
 C - an uncursed ring of protection from fire
 R - the cursed ring of Freedom (right branch) {rElec rC- Int+7 Stlth+}
   (You acquired it on level 8 of the Dungeon)

   [ring of stealth]

   It affects your intelligence (+7).
   It makes you vulnerable to cold.
   It insulates you from electricity.
   It makes you more stealthy.
   It has a curse placed upon it.
 Z - an uncursed ring of protection from magic
Wands
 u - a wand of paralysis (10)
 D - a wand of iceblast (10)
 Q - a wand of acid (7)
 T - a wand of enslavement (12)
Scrolls
 g - a scroll of fog
 h - 4 scrolls of teleportation
 k - a scroll of blinking
 m - 5 scrolls of remove curse
 n - 3 scrolls of magic mapping
 q - a scroll of enchant armour
 G - 4 scrolls of identify
Potions
 v - a potion of flight
 E - 2 potions of resistance
 H - 2 potions of berserk rage
 I - a potion of invisibility
 K - a potion of haste
 N - a potion of brilliance
Comestibles
 f - 39 rations
 z - 2 chunks of flesh


   Skills:
 + Level 7.2 Fighting
 + Level 12.4 Short Blades
 - Level 6.1 Throwing
 + Level 6.0 Armour
 + Level 8.7 Dodging
 + Level 12.2 Stealth
 + Level 5.4 Spellcasting
 + Level 7.0 Evocations


You had 21 spell levels left.
You didn't know any spells.
Your spell library was empty.

Dungeon Overview and Level Annotations

Branches:
Dungeon (10/15)            Temple (1/1) D:7            Lair (2/6) D:8
 Shoals (0/4) Lair:2
  Snake: Lair:2-4    Spider: Lair:2-4       Orc: D:9-12

Altars:
Ashenzari
Cheibriados
Dithmenos
Elyvilon
Fedhas
Gozag
Hepliaklqana
Kikubaaqudgha
Makhleb
Nemelex Xobeh
Okawaru
Qazlal
Ru
Sif Muna
Trog
Uskayaw
Vehumet
Wu Jian
Xom
Yredelemnul
Zin
The Shining One


Innate Abilities, Weirdness & Mutations

You are small and have problems with some larger weapons.
You are carnivorous and can eat meat at any time.


Message History

You're too full to eat anything.
Okay, then.
As you read the scroll of fear, it crumbles to dust.
You assume a fearsome visage.
The spiny frog looks frightened!
* * * LOW HITPOINT WARNING * * *
You feel sick. [a] Weapon [b] Armour [c] Jewellery [d] Book [e] Staff [f] Evocable [g] Food [h] Gold (you have $720)
What kind of item would you like to acquire? [\] known items Something appears at your feet!
* * * LOW HITPOINT WARNING * * *
You feel sick.
i - the cursed ring "Hoank" {+Fly Str+3 Dex+5}
* * * LOW HITPOINT WARNING * * *
You feel sick.
You remove your ring of protection from magic.
Oops, that ring feels deathly cold.
i - the cursed ring "Hoank" (left branch) {+Fly Str+3 Dex+5} You are partially bound in jewellery.
You are slightly bound.
You die...

........P# ##.......##
........#####........P#
..........##.........##
..............F......#
..........##.#.......##
........#P###(........#
........### #P#.+####.#
####....# ###P.# ##
###...### ##♣# #...###
#..# ##...# #..#
##.#.### .#+# ..+.##.#
. .....#.# .. .P.#.#.#
.. .#.....# #..
#....P.###


You could see a spiny frog (fleeing).

Vanquished Creatures
  2 two-headed ogres
  Pikel (D:4)
  2 spiny frogs (Lair:2)
  A gargoyle (D:8)
  6 komodo dragons
  A queen bee (Lair:2)
  5 blink frogs (Lair:1)
  6 hippogriffs
  7 yaks
  A basilisk (Lair:2)
  3 hogs (D:10)
  A human (D:10)
  Menkaure (D:6)
  2 water moccasins
  2 porcupines
  3 sky beasts
  4 ice beasts
  A black bear (D:9)
  5 phantoms
  2 necrophages
  The ghost of Scuka the Slasher, an amateur BaFi (D:3)
  7 ogres
  2 centaurs
  3 crocodiles (Lair:1)
  A big kobold (D:3)
  11 bullfrogs
  A wyvern zombie (D:6)
  2 wyvern skeletons
  3 scorpions
  A water moccasin skeleton (D:4)
  28 killer bees
  4 wights (D:5)
  4 howler monkeys
  6 crimson imps
  4 quasits
  A centaur zombie (D:4)
  A bullfrog zombie (D:7)
  A bullfrog skeleton (D:9)
  8 hounds
  4 orc priests
  A jelly (D:6)
  3 centaur skeletons
  11 orc wizards
  Natasha (thrice) (D:2)
  7 iguanas
  12 worker ants
  Robin (D:2)
  2 hound skeletons
  12 mummies (Ossuary)
  3 worker ant zombies
  A gnoll (D:4)
  2 howler monkey skeletons (D:6)
  17 adders
  A shadow imp (D:7)
  2 oozes
  2 adder zombies (D:2)
  3 adder skeletons
  4 worms
  8 dart slugs
  7 leopard geckos
  36 orcs
  A ball python (D:2)
  A bat skeleton (D:2)
  10 giant cockroaches
  5 hobgoblins
  10 jackals
  12 kobolds
  9 quokkas
  A ball python skeleton (D:2)
  9 bats
  A giant cockroach zombie (D:2)
  4 gnoll skeletons (Ossuary)
  15 goblins
  2 goblin skeletons (Ossuary)
  A jackal zombie (D:6)
  2 kobold skeletons (Ossuary)
  A leopard gecko skeleton (D:6)
  A leopard gecko zombie (D:6)
  2 quokka skeletons
  A quokka zombie (D:5)
  15 rats
  11 rat skeletons (Ossuary)
401 creatures vanquished.

Vanquished Creatures (others)
  A howler monkey (D:4)
  2 fungi
  A lurking horror (Abyss:1)
  3 plants
7 creatures vanquished.

Grand Total: 408 creatures vanquished

Notes
Turn   | Place    | Note
-------+----------+-------------------------------------------
     0 | D:1      | Borgoz the Kobold Gladiator began the quest for the Orb.
     0 | D:1      | Reached XP level 1. HP: 12/12 MP: 1/1
   267 | D:1      | Reached skill level 1 in Stealth
   267 | D:1      | Reached XP level 2. HP: 12/17 MP: 2/2
   515 | D:1      | Reached XP level 3. HP: 16/21 MP: 3/3
   796 | D:1      | Reached skill level 1 in Armour
  1092 | D:2      | Reached XP level 4. HP: 26/26 MP: 4/4
  1583 | D:2      | Noticed Natasha
  1589 | D:2      | Killed Natasha
  1589 | D:2      | Reached skill level 5 in Short Blades
  1589 | D:2      | Reached XP level 5. HP: 30/30 MP: 5/5
  1850 | D:2      | Noticed Natasha
  1859 | D:2      | Killed Natasha
  1908 | D:2      | Noticed Natasha
  1928 | D:2      | Killed Natasha
  2219 | D:2      | Noticed Robin
  2238 | D:2      | Reached XP level 6. HP: 28/35 MP: 6/6
  2260 | D:2      | Killed Robin
  2450 | D:2      | Noticed a +0 hand axe
  2451 | D:2      | Found a hide-covered altar of Uskayaw.
  2451 | D:2      | Noticed a +0 hand axe
  2773 | D:3      | Found a snail-covered altar of Cheibriados.
  2998 | D:3      | Found an ancient bone altar of Kikubaaqudgha.
  3068 | D:3      | Found a runed translucent gate.
  3068 | D:3      | Found a runed translucent gate.
  3068 | D:3      | Found a runed translucent gate.
  3260 | D:3      | Noticed Scuka's ghost (amateur BaFi)
  3262 | D:3      | Identified the +8 dagger "Neomuff" {venom, rPois Dex+2}
  3366 | D:4      | Noticed a two-headed ogre
  3482 | D:4      | Killed a two-headed ogre
  3482 | D:4      | Reached skill level 5 in Dodging
  3482 | D:4      | Reached skill level 1 in Spellcasting
  3482 | D:4      | Reached XP level 7. HP: 22/41 MP: 6/9
  3482 | D:4      | Reached XP level 8. HP: 24/46 MP: 6/10
  4021 | D:4      | Found the +3 robe of Clouds {+Thunder rCloud rElec}
  4162 | D:4      | Noticed Pikel
  4211 | D:4      | Killed Pikel
  4211 | D:4      | Reached skill level 1 in Evocations
  4211 | D:4      | Reached XP level 9. HP: 51/51 MP: 10/12
  4579 | D:4      | Found a sacrificial altar of Ru.
  4805 | D:5      | Entered Level 5 of the Dungeon
  6150 | D:6      | Reached XP level 10. HP: 21/58 MP: 14/14
  6400 | D:6      | Noticed Menkaure
  6408 | D:6      | Killed Menkaure
  6885 | D:6      | Found a bloodstained altar of Trog.
  7208 | D:7      | Found an ancient bone altar of Kikubaaqudgha.
  7258 | D:7      | Found a sand-covered staircase.
  7310 | Ossuary  | Entered an ossuary
  8072 | D:7      | Reached skill level 5 in Throwing
  8548 | D:7      | Found a staircase to the Ecumenical Temple.
  8735 | D:7      | Reached skill level 5 in Fighting
  9067 | D:7      | Reached skill level 10 in Short Blades
  9171 | D:7      | Reached skill level 10 in Stealth
  9313 | Temple   | Entered the Ecumenical Temple
  9553 | Temple   | Became a worshipper of Ashenzari the Shackled
 10066 | D:8      | Found an ornate altar of the Wu Jian Council.
 10440 | D:9      | Reached XP level 11. HP: 38/64 MP: 17/17
 10962 | D:8      | Identified 2 scrolls of acquirement
 10966 | D:8      | Identified the cursed ring of Freedom {rElec rC- Int+7
                  | Stlth+} (You acquired it on level 8 of the Dungeon)
 10981 | D:8      | Noticed a two-headed ogre
 10994 | D:8      | Killed a two-headed ogre
 10994 | D:8      | Reached skill level 5 in Armour
 11339 | D:8      | Found a staircase to the Lair.
 11440 | D:8      | Reached skill level 5 in Evocations
 12297 | D:9      | Reached * piety under Ashenzari
 12331 | D:9      | Found a deep blue altar of Sif Muna.
 12333 | D:9      | Found a glowing golden altar of the Shining One.
 12350 | D:9      | Found a glowing silver altar of Zin.
 12350 | D:9      | Found an iron altar of Okawaru.
 12351 | D:9      | Found a white marble altar of Elyvilon.
 12352 | D:9      | Found a sparkling altar of Nemelex Xobeh.
 12354 | D:9      | Found a hazy altar of Hepliaklqana.
 12421 | D:10     | Entered Level 10 of the Dungeon
 12916 | D:10     | Found an opulent altar of Gozag.
 13564 | D:8      | Reached skill level 5 in Spellcasting
 13703 | D:3      | Cast into level 1 of the Abyss (big kobold)
 13778 | Abyss:1  | Noticed a purple draconian
 13781 | D:3      | Escaped the Abyss
 13952 | D:3      | Killed Scuka's ghost
 14181 | Lair:1   | Entered Level 1 of the Lair of Beasts
 14676 | Lair:1   | Reached XP level 12. HP: 71/71 MP: 19/19
 16170 | Lair:2   | Found a staircase to the Shoals.
 16999 | Lair:2   | HP: 4/108 [spiny frog (14)]
 17002 | Lair:2   | Identified the cursed ring "Hoank" {+Fly Str+3 Dex+5} (You
                  | acquired it on level 2 of the Lair of Beasts)
 17003 | Lair:2   | HP: 1/108 [poisoned by a spiny frog]
 17005 | Lair:2   | Succumbed to a spiny frog's poison

Levels and vault maps discovered:
D:1:      psy_arrival_spokes, layout_loops_corners, grunt_decor_resistance,
          minivault_24
D:2:      layout_basic, dancing_weapons_uskayaw, first_ration, serial_undead,
          serial_undead_d, serial_undead_a, serial_undead_f, serial_undead_d,
          uniq_natasha, uniq_robin
D:3:      layout_basic, kiku_gazebo_garden_becter, lemuel_doored_altar,
          gammafunk_ghost_nasty_kobolds
D:4:      minmay_door_path, layout_loops_ring, kennysheep_little_box,
          chequers_serial_rivers_micro_a, cheibrodos_gnoll_hut, uniq_pikel
D:5:      layout_loops_ring
D:6:      cheibrodos_barr_body, layout_basic, bloody_trog, uniq_menkaure
D:7:      minmay_recursive_quarters, layout_loops_corners, temple_doors_e,
          nicolae_ossuary_entry_ruins, basic_altar
D:8:      layout_basic, nicolae_overflow_crystal_walls, lair_entry_dummy,
          minmay_misc_feat_nine_boxes
D:9:      layout_rooms, minitemple
D:10:     layout_cave_pools, grunt_livestock, nicolae_gozag_seed_capital
Temple:   compressed_dpeg_triangle_lava_temple
Lair:1:   layout_layer_cave, beast_lair_carwin_11, grunt_megastairs_5
Lair:2:   layout_roguey, shoals_dummy_entry, special_room [special_room_bee]
Abyss:1
Ossuary:  ossuary_due_small_catacomb

Skill      XL: |  1  2  3  4  5  6  7  8  9 10 11 12 |
---------------+-------------------------------------+-----
Stealth        | 1 2 3 6 7 8 10 11 12 | 12.2
Armour         | 1 2 3 4 5 6 |  6.0
Dodging        | 4 5 6 7 8 |  8.7
Short Blades   | 5 7 8 10 11 12 | 12.4
Fighting       | 3 4 5 6 7 |  7.2
Throwing       | 3 4 5 6 |  6.1
Spellcasting   | 1 2 3 4 5 |  5.4
Evocations     | 1 3 4 5 7 |  7.0

Action                   |  1- 3 |  4- 6 |  7- 9 | 10-12 || total
-------------------------+-------+-------+-------+-------++-------
Melee: Rapier            |    76 |   145 |       |   252 ||   473
       Dagger            |       |   121 |   417 |  1050 ||  1588
       Short sword       |       |       |    63 |   156 ||   219
Throw: Throwing net      |       |     2 |       |     2 ||     4
 Abil: Evoke Thunderclou |       |       |       |     2 ||     2
Evoke: Wand              |       |       |     1 |    13 ||    14
  Use: Scroll            |       |     6 |     6 |    24 ||    36
       Potion            |       |     4 |     3 |     8 ||    15
 Stab: Sleeping          |     7 |     6 |     7 |    25 ||    45
       Held in net/web   |       |     1 |       |     2 ||     3
       Invisible         |       |     1 |       |       ||     1
       Distracted        |       |       |     1 |     8 ||     9
       Paralysed         |       |       |       |     2 ||     2
  Eat: Chunk             |     9 |     8 |     9 |    35 ||    61
Armor: Leather armour    |     9 |    44 |    10 |       ||    63
       Robe              |       |       |    67 |   238 ||   305
       Skin              |       |       |       |     2 ||     2
Dodge: Dodged            |    35 |   200 |   238 |  1000 ||  1473

Table legend:
 A = Non-vault XP
 B = Vault XP
 C = Vault XP percentage of total XP
 D = Non-vault monster count
 E = Vault monster count
 F = Vault count percentage of total count
                 A         B        C        D         E       F
            +---------+---------+-------+---------+---------+-------
      Total |   15789 |    6971 |  30.6 |     289 |     112 |  27.9
            +---------+---------+-------+---------+---------+-------
        D:1 |      46 |       0 |   0.0 |      23 |       0 |   0.0
        D:2 |     172 |      86 |  33.3 |      31 |      15 |  32.6
        D:3 |      72 |     225 |  75.8 |      22 |       8 |  26.7
        D:4 |    1414 |     740 |  34.4 |      24 |       4 |  14.3
        D:5 |    1016 |       0 |   0.0 |      31 |       0 |   0.0
        D:6 |     527 |     414 |  44.0 |      17 |      10 |  37.0
        D:7 |    1573 |     976 |  38.3 |      33 |      10 |  23.3
        D:8 |    2618 |       0 |   0.0 |      31 |       0 |   0.0
        D:9 |    1286 |       0 |   0.0 |      30 |       0 |   0.0
       D:10 |    1515 |     997 |  39.7 |      21 |       5 |  19.2
     Lair:1 |    1616 |    1818 |  52.9 |       8 |       9 |  52.9
     Lair:2 |    3934 |    1480 |  27.3 |      18 |      20 |  52.6
    Ossuary |       0 |     235 | 100.0 |       0 |      31 | 100.0
            +---------+---------+-------+---------+---------+-------
